 Dungeon Crawl Stone Soup version 0.31-a0-496-g6f97920a28 (webtiles) character file.

Game seed: 14419678673299857813

16249 Ofeo the Fighter (level 12, -9/138 (147) HPs)
             Began as a Demonspawn Shapeshifter on Aug 8, 2023.
             Was a Priest of Qazlal.
             Mangled by an ancient zyme (11 damage)
             ... on level 3 of the Abyss.
             The game lasted 00:18:56 (12447 turns).

Ofeo the Fighter (Demonspawn Shapeshifter)         Turns: 12447, Time: 00:18:57

HP:   -9/138 (147)  AC: 15    Str: 25    XL:     12   Next: 8%
MP:   0/18          EV: 18    Int: 11    God:    Qazlal [***...]
Gold: 568           SH:  4    Dex: 14    Spells: 11/11 levels left

rFire   x .          .
                       - Unarmed
rCold   + + .        (shield currently unavailable)
rNeg    . . .        f - +2 ice dragon scales
rPois   .            (no helmet)
rElec   .            j - +0 cloak
rCorr   .            (no gloves)
SInv    +            G - +0 pair of boots
Will    .....        g - amulet of the acrobat Stlth
                     u - +6 ring of strength
HPRegen 0.00/turn    k - ring of see invisible
MPRegen 0.32/turn

%: acrobat, guardian spirit
@: mighty, berserking (expiring), flux-form, sick, hasted, glowing, drained,
very quick
A: glow, contaminating, claws 2, powered by pain 1, magic shield, magic
regeneration, sharp scales 2
a: Begin Untransformation, Renounce Religion, Upheaval, Elemental Force


You were on level 3 of the Abyss.
You worshipped Qazlal.
Qazlal was most pleased with you.
You were something dangerously unstable.
You visited 1 branch of the dungeon, and saw 14 of its levels.
You visited the Abyss 1 time.
You also visited: Ice Cave.

You collected 568 gold pieces.

Inventory:

Missiles
 i - 2 javelins
Armour
 f - +2 ice dragon scales (worn)
 j - a +0 cloak (worn)
 x - a +2 kite shield
 G - a +0 pair of boots (worn)
Jewellery
 a - a ring of ice
 g - an amulet of the acrobat (around neck)
 k - a ring of see invisible (right claw)
 p - a ring of ice
 u - a +6 ring of strength (left claw)
 z - a ring of protection from fire
Talismans
 c - a beast talisman
 d - a flux talisman (active)
Wands
 t - a wand of iceblast (13) {@v4}
 w - a wand of mindburst (15)
 y - a wand of flame (9)
Scrolls
 e - 4 scrolls of amnesia
 l - a scroll of brand weapon
 F - a scroll of fog
Potions
 b - a potion of lignification
 h - 5 potions of heal wounds {@q2}
 m - 2 potions of invisibility
 n - 2 potions of attraction
 o - a potion of ambrosia
 q - 2 potions of curing {@q1}
 r - 2 potions of mutation
 s - 2 potions of cancellation
 v - a potion of berserk rage
 A - 2 potions of might {@q4}
 C - a potion of resistance {unknown}
 D - a potion of enlightenment {unknown}


   Skills:
 + Level 10.3 Fighting
 + Level 9.6 Dodging
 + Level 9.9 Unarmed Combat
 - Level 8.0 Invocations
 - Level 6.0 Shapeshifting


You had 11 spell levels left.
You didn't know any spells.
Your spell library contained the following spells:

 Spells                   Type           Power      Damage    Failure   Level
 Apportation              Tloc           0%         N/A       71%         1
 Blink                    Tloc           0%         N/A       85%         2
 Cigotuvi's Dreadful Rot  Necr/Pois/Air  0%         N/A       85%         2
 Lesser Beckoning         Tloc           0%         N/A       85%         2
 Gell's Gravitas          Tloc           0%         N/A       97%         3
 Ignite Poison            Fire/Tmut/Pois 0%         N/A       97%         3
 Teleport Other           Tloc           0%         N/A       97%         3
 Manifold Assault         Tloc           0%         N/A       100%        4
 Alistair's Intoxication  Tmut/Pois      0%         N/A       100%        5
 Freezing Cloud           Conj/Ice/Air   0%         6-21      100%        5


Dungeon Overview and Level Annotations

Branches:
Dungeon (14/15)            Temple (0/1) D:4             Orc (0/2) D:11
  IceCv (visited)
   Lair: D:8-11      Vaults: D:13-14

Altars:
Cheibriados
Dithmenos
Qazlal
Sif Muna
Trog

Annotations:
D:9 Erolcha


Innate Abilities, Weirdness & Mutations

You are something dangerously unstable.
You glow with magical radiation, making you easy to see and hit.
Foes you strike become dangerously contaminated with magical radiation.
You are incapable of wielding weapons or throwing items.
You have very sharp fingernails.
You sometimes gain a little power by taking damage.
When hurt, damage is shared between your health and your magic reserves.
You regenerate magic rapidly.
You are mostly covered in razor-sharp scales. (AC +2, Slay +2)


Message History

The eidolon is severely damaged.
The eidolon stares piercingly at you. The bolt of negative energy hits you!!!
You feel drained.
* * * LOW HITPOINT WARNING * * *
You focus on the pain.
You feel your power returning.
You take 30 damage, and have 4/126 hp.
MASSIVE DAMAGE!!
You now have 5/18 mp.
You scratch the eidolon but do no damage.
The eidolon begins to glow.
The eidolon is severely damaged.
The eidolon gestures.
The eidolon radiates an aura of fear!
You are terrified of the eidolon!
You scratch the eidolon but do no damage.
The eidolon glows dangerously bright.
The eidolon is severely damaged.
You scratch the eidolon.
The eidolon shudders as magic cascades through it!
The eidolon is almost destroyed.
You feel ill. The eidolon hits you.
* * * LOW HITPOINT WARNING * * *
The eidolon hits you!
* * * LOW HITPOINT WARNING * * *
You take 3 damage, and have 2/126 hp.
You now have 1/18 mp.
You claw the eidolon!
You are no longer terrified.
You destroy the eidolon!
Qazlal accepts your kill.
You feel yourself speed up.
You claw the ancient zyme!
The ancient zyme begins to glow.
The ancient zyme is moderately damaged.
The ancient zyme hits you but does no damage.
You block the ancient zyme's attack.
You mangle the ancient zyme!!
The ancient zyme glows dangerously bright.
The ancient zyme is heavily damaged.
You scratch the ancient zyme.
The ancient zyme shudders as magic cascades through it!
The ancient zyme is almost destroyed.
The ancient zyme hits you!
You die...

# .. .# #..##
# # . .#.. #.
. .# #.##
...### ####
###...#. # #
#.B###...#. ..
..# ###x.#..#
.....#.
###....##.....
# #.. ..#...#
. . # ### ...
. #..## .#..#
#... .
....#..#. . #
##.#### #.## .
# .. .


You could see an ancient zyme.

Vanquished Creatures
  Jorgrun (D:13)
  An eidolon (Abyss:3)
  2 two-headed ogres
  2 boulder beetles
  A tengu warrior (D:13)
  A wizard (D:11)
  3 ugly things
  A deep elf pyromancer (D:13)
  A wolf spider (D:12)
  A cyclops (D:12)
  Maurice (D:8)
  2 ice statues (IceCv)
  A gargoyle (D:11)
  2 rime drakes (D:11)
  A freezing wraith (IceCv)
  A kobold demonologist (D:9)
  A hornet (D:7)
  A wyvern (D:9)
  Grum (D:9)
  8 yaks (D:9)
  6 vampire mosquitoes
  Edmund (D:5)
  A water moccasin (D:7)
  3 orc warriors
  2 wolves (D:9)
  A black bear (D:6)
  3 ogres
  4 centaurs
  A kobold brigand (D:9)
  5 scorpions
  3 bullfrogs
  A cane toad simulacrum (IceCv)
  A gnoll sergeant (D:11)
  12 wights
  10 killer bees
  2 howler monkeys
  A jelly (D:6)
  5 hounds
  2 orc priests
  A sleepcap (D:2)
  A gnoll bouda (D:5)
  2 iguanas
  6 orc wizards
  2 wolf simulacra (IceCv)
  12 gnolls
  10 adders
  A shadow imp (D:7)
  A white imp (D:8)
  An adder zombie (D:2)
  3 adder skeletons (D:2)
  2 dart slugs
  23 orcs
  9 ball pythons
  A bat skeleton (D:2)
  8 endoplasms
  7 giant cockroaches
  6 goblins
  4 hobgoblins
  A jackal (D:4)
  6 kobolds
  3 quokkas
  A ball python skeleton (D:2)
  3 bats
  3 frilled lizards
  A giant cockroach zombie (D:2)
  A jackal skeleton (D:2)
  A jackal zombie (D:2)
  2 rats
219 creatures vanquished.

Vanquished Creatures (others)
  A lurking horror (Abyss:3)
1 creature vanquished.

Grand Total: 220 creatures vanquished

Notes
Turn   | Place    | Note
-------+----------+-------------------------------------------
     0 | D:1      | Ofeo the Demonspawn Shapeshifter began the quest for the
                  | Orb.
     0 | D:1      | Reached XP level 1. HP: 15/15 MP: 1/1
   185 | D:1      | Found a faded altar of an unknown god.
   213 | D:1      | Gained mutation: You have sharp fingernails. [demonic
                  | ancestry]
   213 | D:1      | Reached XP level 2. HP: 13/21 MP: 2/2
   224 | D:1      | Prayed at the altar of an unknown god.
   224 | D:1      | Became a worshipper of Qazlal Stormbringer
   224 | D:1      | Reached * piety under Qazlal
  1048 | D:2      | Gained mutation: You are partially covered in razor-sharp
                  | scales. (AC +1, Slay +1) [demonic ancestry]
  1048 | D:2      | Reached XP level 3. HP: 25/26 MP: 3/3
  1306 | D:2      | Reached ** piety under Qazlal
  1316 | D:2      | Reached XP level 4. HP: 12/32 MP: 4/4
  1847 | D:2      | Gained mutation: You regenerate magic rapidly. [demonic
                  | ancestry]
  1847 | D:2      | Reached XP level 5. HP: 26/37 MP: 5/5
  2777 | D:3      | Found a bloodstained altar of Trog.
  3017 | D:4      | Identified the +9 dagger of Opyny {flame, Fragile rN+++
                  | Int-5 Stlth+}
  3026 | D:4      | Found a staircase to the Ecumenical Temple.
  3032 | D:4      | Reached skill level 5 in Shapeshifting
  3328 | D:4      | Reached XP level 6. HP: 43/43 MP: 6/6
  3845 | D:4      | Reached *** piety under Qazlal
  4122 | D:4      | Reached skill level 1 in Invocations
  4147 | D:4      | Found a shimmering blue altar of Sif Muna.
  4170 | D:4      | Reached XP level 7. HP: 28/48 MP: 7/9
  4531 | D:5      | Entered Level 5 of the Dungeon
  5044 | D:5      | Reached skill level 2 in Fighting
  5537 | D:5      | Reached XP level 8. HP: 57/57 MP: 11/11
  5716 | D:6      | Reached skill level 5 in Invocations
  5723 | D:6      | Reached skill level 3 in Fighting
  5768 | D:6      | Found a shadowy altar of Dithmenos.
  5842 | D:6      | Noticed Edmund
  5975 | D:5      | Killed Edmund
  6816 | D:6      | Reached skill level 4 in Fighting
  6911 | D:7      | Gained mutation: When hurt, damage is shared between your
                  | health and your magic reserves. [demonic ancestry]
  6911 | D:7      | Reached XP level 9. HP: 53/66 MP: 14/14
  6976 | D:7      | Reached skill level 5 in Unarmed Combat
  7207 | D:7      | Identified the +0 robe "Wecegubo" {rElec Will++ rCorr Str-2
                  | Dex+2}
  7814 | D:7      | Reached skill level 5 in Fighting
  7945 | D:8      | Noticed a boulder beetle
  7982 | D:8      | Reached skill level 5 in Dodging
  8334 | D:7      | Killed a boulder beetle
  8469 | D:8      | Found a snail-covered altar of Cheibriados.
  8523 | D:8      | Reached **** piety under Qazlal
  8524 | D:8      | Reached skill level 6 in Fighting
  8660 | D:8      | Noticed Maurice
  8662 | D:8      | Killed Maurice
  8663 | D:8      | Gained mutation: You are mostly covered in razor-sharp
                  | scales. (AC +2, Slay +2) [demonic ancestry]
  8663 | D:8      | Reached XP level 10. HP: 76/76 MP: 12/16
  9259 | D:9      | Noticed Grum
  9279 | D:9      | Killed Grum
  9328 | D:9      | Reached skill level 7 in Fighting
  9472 | D:9      | Noticed a white ugly thing
  9500 | D:9      | Killed a brown ugly thing
 10018 | D:9      | Noticed Erolcha
 10146 | D:10     | Entered Level 10 of the Dungeon
 10163 | D:10     | Reached skill level 8 in Fighting
 10182 | D:10     | Noticed a two-headed ogre
 10189 | D:10     | Killed a two-headed ogre
 10190 | D:10     | Gained mutation: You sometimes gain a little power by
                  | taking damage. [demonic ancestry]
 10190 | D:10     | Reached XP level 11. HP: 37/87 MP: 7/17
 10410 | D:10     | You fall into a shaft and drop 3 floors!
 10499 | D:13     | Noticed a boulder beetle
 10595 | D:13     | Killed a boulder beetle
 10606 | D:13     | Noticed Jorgrun
 10620 | D:13     | Killed Jorgrun
 10835 | D:13     | Noticed a deep elf pyromancer
 10841 | D:13     | Noticed a tengu warrior
 10844 | D:13     | Killed a deep elf pyromancer
 10845 | D:13     | Reached skill level 9 in Fighting
 10854 | D:13     | Killed a tengu warrior
 10991 | D:13     | Noticed a two-headed ogre
 10998 | D:13     | Killed a two-headed ogre
 11284 | D:12     | Noticed a wolf spider
 11294 | D:12     | Killed a wolf spider
 11668 | D:11     | Found a staircase to the Orcish Mines.
 11730 | D:11     | Noticed a cyan ugly thing
 11740 | D:11     | Killed a white ugly thing
 11773 | D:11     | Noticed a wizard
 11776 | D:11     | Killed a wizard
 11789 | D:11     | Reached skill level 10 in Fighting
 11789 | D:11     | Found a frozen archway.
 11796 | IceCv    | Entered an ice cave
 11822 | IceCv    | Found a transporter.
 11826 | IceCv    | Noticed a white ugly thing
 11989 | IceCv    | Found a transporter.
 12021 | IceCv    | Killed a cyan ugly thing
 12189 | IceCv    | Gained mutation: You have very sharp fingernails. [demonic
                  | ancestry]
 12189 | IceCv    | Reached XP level 12. HP: 41/97 MP: 12/18
 12389 | Abyss:3  | Cast into level 3 of the Abyss (a wizard)
 12418 | Abyss:3  | Noticed an eidolon
 12440 | Abyss:3  | HP: 4/126 [eidolon/bolt of negative energy (30)]
 12444 | Abyss:3  | Killed an eidolon
 12447 | Abyss:3  | Mangled by an ancient zyme

Illustrated notes

Levels and vault maps discovered:
D:1:      dpeg_arrival_more_subterranean_lakeside_camping, layout_rooms,
          ebering_ecumenical_altar_hall
D:2:      layout_loops_corners, serial_undead, serial_undead_c, serial_undead_f,
          serial_undead_c, serial_undead_f, serial_undead_d, minmay_quantized
D:3:      layout_loops_corners, lemuel_round_altar, nicolae_half_adder
D:4:      layout_loops_corners, nicolae_elyvilon_temple_path, led_sif_pool,
          zin_treasury, temple_fountains, minmay_cut_off
D:5:      layout_rooms
D:6:      layout_gridville, mainiacjoe_overflow_boulevard, minivault_19,
          uniq_edmund
D:7:      layout_loops_ring
D:8:      layout_basic, mainiacjoe_overflow_paths, minmay_between, uniq_maurice
D:9:      layout_irregular_city, david_lair_shrubbed, uniq_erolcha, uniq_joseph,
          uniq_grum
D:10:     layout_rooms, gammafunk_temple_overflow_claw, serial_shops, shop,
          uniq_lodul
D:11:     minmay_smoke_and_mirrors, layout_loops_corners, orc_0_dummy,
          serial_rivers, chequers_serial_rivers_small_3,
          chequers_serial_rivers_micro_e, chequers_serial_rivers_room_a,
          chequers_serial_rivers_micro_b, chequers_serial_rivers_marsh,
          portal_ice_cave_rime
D:12:     layout_roguey
D:13:     layout_roguey, lightli_elemental_guards, uniq_azrael, uniq_jorgrun,
          uniq_sonja
D:14:     layout_irregular_city, erik_vaults_2, minivault_26, uniq_louise
Abyss:3:  base:
D:10

Skill      XL: |  1  2  3  4  5  6  7  8  9 10 11 |
---------------+----------------------------------+-----
Dodging        | 2 3 4 6 7 9 |  9.6
Shapeshifting  | 3 4 5 6 |  6.0
Invocations    | 2 4 6 8 |  8.0
Unarmed Combat | 3 4 6 8 9 |  9.9
Fighting       | 2 4 6 8 10 | 10.3

Action                     |  1- 3 |  4- 6 |  7- 9 | 10-12 || total
---------------------------+-------+-------+-------+-------++-------
  Melee: Unarmed           |    86 |   146 |   290 |   326 ||   848
         Punch             |     3 |     4 |     1 |       ||     8
 Invoke: Upheaval          |       |     1 |     3 |     8 ||    12
  Evoke: Wand              |       |       |     6 |     3 ||     9
    Use: Scroll            |       |    10 |     2 |    10 ||    22
         Potion            |       |       |       |     6 ||     6
   Stab: Sleeping          |     1 |       |       |       ||     1
 Armour: Animal skin       |     8 |     8 |       |       ||    16
         Ice dragon scales |       |    32 |    92 |   107 ||   231
         Ring mail         |       |     1 |       |       ||     1
         Skin              |       |       |     1 |       ||     1
  Dodge: Dodged            |    52 |    69 |   190 |   255 ||   566
  Block: Other             |     2 |     9 |    53 |    88 ||   152
   Form: Flux              |       |       |     1 |       ||     1

Table legend: (Time is in decaauts)
 A = Elapsed time spent in this place.
 B = Non-inter-level travel time spent in this place.
 C = Inter-level travel time spent in this place.
 D = Time resting spent in this place.
 E = Time spent auto-exploring this place.
 F = Levels seen in this place.
 G = Mean time per level.
                   A        B        C        D        E       F      G
               +--------+--------+--------+--------+--------+-----+--------+
         Total |  12370 |  11791 |    579 |   2206 |   7373 |  16 |  773.1 |
       Dungeon |  11776 |  11197 |    579 |   1797 |   7373 |  14 |  841.1 |
         Abyss |     54 |     54 |      0 |      0 |      0 |   1 |   54.0 |
      Ice Cave |    539 |    539 |      0 |    409 |      0 |   1 |  539.0 |
               +--------+--------+--------+--------+--------+-----+--------+

Top non-repeatable levels by time:
     D:4: 1770 daAuts
     D:7: 1390 daAuts
     D:2: 1321 daAuts
     D:5: 1250 daAuts
     D:3: 1045 daAuts
     D:8: 932 daAuts
     D:9: 924 daAuts
    D:13: 746 daAuts
     D:1: 738 daAuts
     D:6: 732 daAuts
   IceCv: 539 daAuts
    D:12: 457 daAuts
    D:10: 261 daAuts
    D:11: 203 daAuts
 Abyss:3: 54 daAuts
